 Dungeon Crawl Stone Soup version 0.29-a0-887-gcbe080d7e0 (webtiles) character file.

Game seed: 11327137670113221770

85 zeratav the Stinger (level 4, -1/27 HPs)
             Began as an Octopode Venom Mage on July 21, 2022.
             Slain by an orc
             ... wielding a +0 short sword
              (2 damage)
             ... on level 3 of the Dungeon.
             The game lasted 00:01:33 (2393 turns).

zeratav the Stinger (Octopode Venom Mage)           Turns: 2393, Time: 00:01:33

Health: -1/27      AC:  1    Str:  7    XL:     4   Next: 48%
Magic:  7/7        EV: 13    Int: 19    God:
Gold:   85         SH:  0    Dex: 12    Spells: 4/7 levels left

rFire   . . .      SeeInvis .   c - +0 dagger {short}
rCold   . . .      Faith    .   (no shield)
rNeg    . . .      Spirit   .   (helmet restricted)
rPois   .          Reflect  .   g - amulet of magic regeneration
rElec   .          Harm     .   n - +4 ring of slaying
rCorr   .          Rampage  .   (no ring)
Will    .....                   (no ring)
Stlth   ++++......              (no ring)
HPRegen 0.09/turn               (no ring)
MPRegen 0.50/turn               (no ring)
                                (no ring)
                                (no ring)

@: no status effects
A: almost no armour, amphibious, 8 rings, camouflage 1, gelatinous body 1,
(nimble swimmer 1), tentacles
a: no special abilities


You were on level 3 of the Dungeon.
You visited 1 branch of the dungeon, and saw 3 of its levels.

You collected 85 gold pieces.


Innate Abilities, Weirdness & Mutations

You cannot wear most types of armour.
You are amphibious.
You can wear up to eight rings at the same time.
Your skin changes colour to match your surroundings (Stealth+).
Your rubbery body absorbs attacks. (AC +1, EV +1)
((You are camouflaged when in or above water. (Stealth+)))
You have tentacles for arms and can constrict up to eight enemies at once.


   Skills:
 - Level 2.0 Dodging
 - Level 5.0 Stealth
 - Level 2.0 Spellcasting
 - Level 1.0 Transmutations
 + Level 5.1 Poison Magic


You had 4 spell levels left.
You knew the following spells:

 Your Spells              Type           Power      Damage    Failure   Level
a - Sting                 Tmut/Pois      52%        1d5       4%          1
b - Poisonous Vapours     Pois/Air       22%        N/A       9%          2

Your spell library contained the following spells:

 Spells                   Type           Power      Damage    Failure   Level
 Olgreb's Toxic Radiance  Pois           21%        N/A       21%         4
 Mephitic Cloud           Conj/Pois/Air  8%         N/A       26%         3

Inventory:

Hand Weapons
 c - a +0 dagger (weapon) {short}
   (You found it on level 1 of the Dungeon)
Jewellery
 g - an amulet of magic regeneration (around mantle)
   (You found it on level 1 of the Dungeon)
 i - an amulet of regeneration
   (You found it on level 1 of the Dungeon)
 n - a +4 ring of slaying (left tentacle)
   (You found it on level 2 of the Dungeon)
Scrolls
 b - 3 scrolls of teleportation {unknown}
 d - a scroll of blinking {unknown}
 f - 4 scrolls of identify {unknown}
 j - a scroll of noise {unknown}
 k - a scroll of immolation {unknown}
 l - a scroll of magic mapping {unknown}
Potions
 a - a potion of magic
 e - a potion of flight {unknown}
 h - a potion of degeneration {unknown}
 m - a potion of curing {unknown}

Dungeon Overview and Level Annotations

Branches:
Dungeon (3/15) Zot: 15608

Altars:

##.......##
##.....##
#####...##
#......##
#.####.# #.#
#.#
#.####.####.##
#.......##...##
######..#..@..#
#..##ooo##.#
#....)o....#
######.#####
#.# #.# #.# #.#
#.#


You could see 4 orcs.


Message History

Done exploring.
Done exploring.
(D) Dungeon
Where to? (Enter - D:2, ? - help)
There is a stone staircase leading down here.
You climb downwards.
Found a stone staircase leading up.
There is a stone staircase leading up here.
There are monsters nearby!
The helpless endoplasm fails to defend itself.
You puncture the endoplasm!
You kill the endoplasm!
The helpless frilled lizard fails to defend itself.
You puncture the frilled lizard!
You kill the frilled lizard!
The endoplasm quivers.
You hit the endoplasm. The endoplasm hits you.
HP[-2]
You take 2 damage, and now have 19/21 hp.
You barely miss the endoplasm. Your squeeze misses the endoplasm.
The endoplasm hits you but does no damage.
You hit the endoplasm.
You kill the endoplasm!
No target in view!
No target in view!
No target in view!
No target in view!
No target in view!
No target in view!
No target in view!
No target in view!
No target in view!
No target in view!
No target in view!
No target in view!
No target in view!
No target in view!
An orc priest and 3 orcs come into view.
An orc is wielding a +2 falchion of draining.
The orc shouts! x2; The orc priest shouts!
The orc shouts!
An orc comes into view. It is wielding a +0 short sword.
HP[+2]
Your hp is fully restored (21).
There are monsters nearby!
You hit the orc but do no damage. You grab the orc. You constrict the orc.
The orc escapes!
The orc closely misses you.
Casting: Sting (safe; 5% risk of failure)
Confirm with . or Enter, or press ? or * to list all spells.
Aiming: Poisonous Vapours (safe; 10% risk of failure)
Press: ? - help, Dir - move target, f - orc priest
Aim: an orc priest, wielding a +0 falchion Poisonous vapours surround the orc priest!
The orc priest is poisoned.
The orc closely misses you.
MP[-2]
You lost 2 mp, and now have 4/6 mp.
Casting: Poisonous Vapours (safe; 10% risk of failure)
Confirm with . or Enter, or press ? or * to list all spells.
Aiming: Poisonous Vapours (safe; 10% risk of failure)
Press: ? - help, Dir - move target, p - orc priest Why would you want to do that?
You hit the orc priest. You grab the orc priest.
You constrict the orc priest, but do no damage.
The orc priest hits you with a +0 falchion!
The orc closely misses you.
HP[-7] MP[+1]
You take 7 damage, and now have 14/21 hp.
MASSIVE DAMAGE!! (PAUSE)
You hit the orc priest. You constrict the orc priest.
The orc priest hits you with a +0 falchion.
* * * LOW HITPOINT WARNING * * *
The orc closely misses you.
HP[-4]
You take 4 damage, and now have 10/21 hp.
You hit the orc priest. You constrict the orc priest.
The orc priest completely misses you. The orc barely misses you.
The orc hits you with a +0 hand axe.
* * * LOW HITPOINT WARNING * * *
HP[-6] MP[+1]
You take 6 damage, and now have 4/21 hp.
MASSIVE DAMAGE!! (PAUSE)
Your mp is fully restored (6).
You hit the orc priest.
You kill the orc priest!
The orc misses you. x2; The orc hits you with a +0 short sword.
* * * LOW HITPOINT WARNING * * *
Training target 5.0 for Stealth reached!
Your Stealth skill increases to level 5!
Your Poison Magic skill increases to level 5!
You have reached level 4!
HP[-1] MP[+1]
You now have 27 max hp (+6).
Your mp is fully restored (7).
The orc attacks as you move away! The orc barely misses you.
The orc attacks as you move away! The orc barely misses you.
The orc hits you with a +0 short sword.
* * * LOW HITPOINT WARNING * * *
HP[-2]
You take 2 damage, and now have 1/27 hp.
The orc attacks as you move away! The orc hits you with a +0 short sword.
You die...

Skill      XL: |  1  2  3 |
---------------+----------+-----
Stealth        | 3 5 |  5.0
Poison Magic   | 4 5 |  5.1
Dodging        | |  2.0
Spellcasting   | |  2.0
Transmutations | |  1.0

Action                   |  1- 3 |  4- 6 || total
-------------------------+-------+-------++-------
Melee: Dagger            |    67 |       ||    67
       Constrict         |    16 |       ||    16
       Tentacles         |    10 |       ||    10
 Cast: Sting             |    15 |       ||    15
       Poisonous Vapours |     1 |       ||     1
 Stab: Sleeping          |     9 |       ||     9
Armor: Skin              |     8 |       ||     8
Dodge: Dodged            |    50 |     2 ||    52

Levels and vault maps discovered:
D:1:      kennysheep_arrival_forest, layout_basic,
          shapermc_ecumenical_altar_mp_highgroup, minmay_shallow_snake_nest
D:2:      layout_basic, kennysheep_big_empty_room
D:3:      layout_loops_corners, uniq_terence

Notes
Turn   | Place    | Note
-------+----------+-------------------------------------------
     0 | D:1      | zeratav the Octopode Venom Mage began the quest for the
                  | Orb.
     0 | D:1      | Reached XP level 1. HP: 11/11 MP: 3/3
     0 | D:1      | magus.rc [v1.9.6]
   200 | D:1      | Found a faded altar of an unknown god.
   211 | D:1      | Reached skill level 3 in Stealth
   514 | D:1      | Reached XP level 2. HP: 8/17 MP: 3/5
   712 | D:1      | Reached skill level 4 in Poison Magic
  1437 | D:2      | Reached XP level 3. HP: 17/21 MP: 6/6
  1509 | D:2      | Reached skill level 4 in Stealth
  1747 | D:2      | Learned a level 2 spell: Poisonous Vapours
  2036 | D:2      | HP: 5/21 [poisoned by an adder]
  2390 | D:3      | HP: 4/21 [orc/+0 hand axe (6)]
  2392 | D:3      | Reached skill level 5 in Stealth
  2392 | D:3      | Reached skill level 5 in Poison Magic
  2392 | D:3      | Reached XP level 4. HP: 3/27 MP: 7/7
  2392 | D:3      | HP: 1/27 [orc/+0 short sword (2)]
  2393 | D:3      | Slain by an orc

Vanquished Creatures
  An orc priest (D:3)
  2 adders (D:2)
  2 dart slugs (D:2)
  5 bats
  3 endoplasms
  A giant cockroach (D:2)
  4 goblins
  2 hobgoblins (D:2)
  3 jackals (D:2)
  A quokka (D:1)
  5 ball pythons (D:1)
  2 frilled lizards
  2 kobolds (D:2)
33 creatures vanquished.

Vanquished Creatures (others)
  A plant (D:1)
1 creature vanquished.

Grand Total: 34 creatures vanquished

Table legend:
 A = Non-vault XP
 B = Vault XP
 C = Vault XP percentage of total XP
 D = Non-vault monster count
 E = Vault monster count
 F = Vault count percentage of total count
                 A         B        C        D         E       F
            +---------+---------+-------+---------+---------+-------
      Total |     121 |       1 |   0.8 |      32 |       1 |   3.0
            +---------+---------+-------+---------+---------+-------
        D:1 |      14 |       1 |   6.7 |       9 |       1 |  10.0
        D:2 |      61 |       0 |   0.0 |      19 |       0 |   0.0
        D:3 |      46 |       0 |   0.0 |       4 |       0 |   0.0
            +---------+---------+-------+---------+---------+-------

Illustrated notes

Table legend:
 A = Kills in this place as a percentage of kills in entire the game.
 B = Kills by you in this place as a percentage of kills by you in the entire game.
 C = Kills by friends in this place as a percentage of kills by friends in the entire game.
 D = Other kills in this place as a percentage of other kills in the entire game.
 E = Experience gained in this place as a percentage of experience gained in the entire game.
 F = Experience gained in this place divided by the number of levels of this place that you have seen.
                   A       B       C       D       E      F
               +-------+-------+-------+-------+-------+----------------------
         Total | 100.0 | 100.0 |   N/A |   N/A | 100.0 |  40.7
       Dungeon | 100.0 | 100.0 |   N/A |   N/A | 100.0 |  40.7
               +-------+-------+-------+-------+-------+----------------------

Table legend: (Time is in decaauts)
 A = Elapsed time spent in this place.
 B = Non-inter-level travel time spent in this place.
 C = Inter-level travel time spent in this place.
 D = Time resting spent in this place.
 E = Time spent auto-exploring this place.
 F = Levels seen in this place.
 G = Mean time per level.
                   A        B        C        D        E       F      G
               +--------+--------+--------+--------+--------+-----+--------+
         Total |   2391 |   2373 |     18 |    209 |   1944 |   3 |  797.0 |
       Dungeon |   2391 |   2373 |     18 |    209 |   1944 |   3 |  797.0 |
               +--------+--------+--------+--------+--------+-----+--------+

Top non-repeatable levels by time:
     D:1: 1230 daAuts
     D:2: 1100 daAuts
     D:3: 60 daAuts
